 Dungeon Crawl Stone Soup version 0.28-a0-1147-gc7b72d3202 (webtiles) character file.

Game seed: 15821228428708195092

556574 Htamos the Heavyweight Champion (level 25, -7/256 (279) HPs)
             Began as a Troll Monk on Dec 14, 2021.
             Was a High Priest of Okawaru.
             Mangled by an Orb Guardian (11 damage)
             ... while paralysed by a dread lich
             ... on level 5 of the Realm of Zot.
             The game lasted 02:53:04 (59760 turns).

Htamos the Heavyweight Champion (Troll Monk)       Turns: 59760, Time: 02:53:04

HP:   -7/256 (279)  AC: 35    Str: 28    XL:     25   Next: 21%
MP:   0/28          EV:  1    Int:  3    God:    Okawaru [*****.]
Gold: 5816          SH:  0    Dex: 20    Spells: 24/24 levels left

rFire   + + +      SeeInvis +     - Unarmed
rCold   + + .      Faith    .   N - +8 tower shield of Okawaru's Whim {rPois rF+ Int-3 SInv}
rNeg    . . .      Spirit   +   o - +7 gold dragon scales
rPois   +          Reflect  .   Z - +2 hood of the Assassin {Detection Stab+ Stlth++}
rElec   +          Harm     .   m - +0 cloak {Will+}
rCorr   +          Rampage  .   (gloves unavailable)
Will    ++...                   (boots unavailable)
Stlth   ..........              c - amulet "Giaciser" {Spirit rElec SInv}
HPRegen 1.32/turn               C - ring of poison resistance
MPRegen 0.21/turn               a - ring "Biliutz" {EV+4 Slay+5}

@: paralysed, mighty, resistant, on berserk cooldown, slowed, studying Throwing,
drained, unable to read
A: large, unfitting armour, claws 3, regeneration 1, shaggy fur 1, tough skin 1,
deterioration 1, strong 1
}: 3/15 runes: decaying, silver, gossamer
a: Renounce Religion, Heroism, Finesse, Duel


You were on level 5 of the Realm of Zot.
You worshipped Okawaru.
Okawaru was extremely pleased with you.
You visited 10 branches of the dungeon, and saw 49 of its levels.
You also visited: Sewer, Bailey and Gauntlet.

You collected 9733 gold pieces.
You spent 3917 gold pieces at shops.

Inventory:

Hand Weapons
 j - a +3 mace of holy wrath
 n - the +11 morningstar of Eternal Vigilance {vorpal, *Noise rN+ SInv}
   (Okawaru gifted it to you on level 2 of the Vaults)

   It inflicts extra damage upon your enemies.
   rN:        It protects you from negative energy.
   SInv:      It lets you see invisible.
   *Noise:    It may make noises in combat.
 I - the +6 flail "Leviticus" {flame, rF+ Int+2 Stlth+}
   (You took it off a tengu conjurer on level 2 of the Depths)

   It burns those it strikes, dealing additional fire damage.
   Int:       It affects your intelligence (+2).
   rF:        It protects you from fire.
   Stlth:     It makes you more stealthy.
 V - a +9 vorpal broad axe
Armour
 m - a +0 cloak of willpower (worn)
 o - +7 gold dragon scales (worn)
 q - the +3 robe of Clouds {*Thunder rCloud rElec}
   (Okawaru gifted it to you on level 5 of the Realm of Zot)

   It occasionally creates storm clouds above nearby enemies.
   It grants its wearer immunity to clouds.
   rElec:     It insulates you from electricity.
 N - the +8 tower shield of Okawaru's Whim (worn) {rPois rF+ Int-3 SInv}
   (Okawaru gifted it to you on level 1 of the Vaults)

   Int:       It affects your intelligence (-3).
   rF:        It protects you from fire.
   rPois:     It protects you from poison.
   SInv:      It lets you see invisible.
 U - a +0 cloak of preservation
 Z - the +2 hood of the Assassin (worn) {Detection Stab+ Stlth++}
   (You acquired it on level 2 of the Depths)

   It allows the wearer to sense nearby creatures.
   It allows the wearer to make particularly effective stabbing attacks against
   helpless or unaware enemies with any weapon.
   Stlth:     It makes you much more stealthy.
Jewellery
 a - the ring "Biliutz" (right claw) {EV+4 Slay+5}
   (You found it on level 6 of the Lair of Beasts)

   [ring of evasion]

   EV:        It affects your evasion (+4).
   Slay:      It affects your accuracy & damage with ranged weapons and melee
   (+5).
 c - the amulet "Giaciser" (around neck) {Spirit rElec SInv}
   (You acquired it on level 3 of the Dungeon)

   [amulet of guardian spirit]

   It causes incoming damage to be divided between your reserves of health and
   magic.
   rElec:     It insulates you from electricity.
   SInv:      It lets you see invisible.
 d - a ring of willpower
 h - the ring of Neckoob {Contam rC+ EV+4 Str+3}
   (You found it in a bailey)

   [ring of evasion]

   EV:        It affects your evasion (+4).
   Str:       It affects your strength (+3).
   rC:        It protects you from cold.
   Contam:    It causes magical contamination when unequipped.
 u - the ring "Nuunwugg" {Fire rN+++ Will- MP+9 Dex+2}
   (You found it on level 5 of the Vaults)

   [ring of fire]

   It enhances your fire magic.
   Dex:       It affects your dexterity (+2).
   rF:        It protects you from fire.
   rC:        It makes you vulnerable to cold.
   rN:        It renders you almost immune to negative energy.
   MP:        It affects your magic capacity (+9).
   Will:      It decreases your willpower.
 C - a ring of poison resistance (left claw)
 D - the ring "Wonemes" {rF+ Int+6}
   (You found it on level 6 of the Lair of Beasts)

   [ring of intelligence]

   Int:       It affects your intelligence (+6).
   rF:        It protects you from fire.
 Q - a +6 ring of dexterity
 T - the ring of Wail {rC+ Int+2}
   (You took it off a deep elf elementalist on level 3 of the Elven Halls)

   [ring of protection from cold]

   Int:       It affects your intelligence (+2).
   rC:        It protects you from cold.
Wands
 l - a wand of acid (10)
 r - a wand of iceblast (25)
 x - a wand of digging (18)
 A - a wand of flame (63)
 J - a wand of mindburst (9)
 K - a wand of polymorph (10)
 L - a wand of paralysis (10)
Scrolls
 k - 7 scrolls of teleportation
 t - 8 scrolls of fear
 v - 3 scrolls of holy word
 w - 7 scrolls of identify {@rr}
 y - 5 scrolls of amnesia
 z - 4 scrolls of noise
 B - a scroll of acquirement
 G - 5 scrolls of fog
 H - 4 scrolls of blinking
 O - 5 scrolls of torment
 X - 4 scrolls of silence
 Y - 5 scrolls of immolation
Potions
 b - 9 potions of lignification
 e - 8 potions of curing {@qc}
 g - 4 potions of flight
 i - 4 potions of attraction
 p - 4 potions of mutation
 s - a potion of berserk rage
 F - 10 potions of haste
 P - 5 potions of might
 R - a potion of invisibility
 S - 9 potions of ambrosia
 W - 2 potions of resistance
Miscellaneous
 f - a phial of floods
 M - a lightning rod (4/4)


   Skills:
 + Level 21.5 Fighting
 + Level 20.1 Armour
 - Level 5.0 Dodging
 - Level 1.0 Stealth
 + Level 16.2 Shields
 O Level 27 Unarmed Combat
 - Level 8.0 Invocations


You had 24 spell levels left.
You didn't know any spells.
Your spell library contained the following spells:

 Spells                   Type           Power      Damage    Failure   Level
 Apportation              Tloc           0%         N/A       100%        1
 Beastly Appendage        Tmut           0%         N/A       100%        1
 Foxfire                  Conj/Fire      0%         2x1d4     100%        1
 Magic Dart               Conj           0%         1d3       100%        1
 Shock                    Conj/Air       0%         1d3       100%        1
 Slow                     Hex            0%         N/A       100%        1
 Sting                    Tmut/Pois      0%         1d3       100%        1
 Blink                    Tloc           0%         N/A       100%        2
 Corpse Rot               Necr/Air       0%         N/A       100%        2
 Ensorcelled Hibernation  Hex/Ice        0%         N/A       100%        2
 Passwall                 Tmut/Erth      0%         N/A       100%        2
 Poisonous Vapours        Pois/Air       0%         N/A       100%        2
 Scorch                   Fire           0%         2d5       100%        2
 Static Discharge         Conj/Air       0%         N/A       100%        2
 Sublimation of Blood     Necr           0%         N/A       100%        2
 Wereblood                Tmut           0%         N/A       100%        2
 Confusing Touch          Hex            0%         N/A       100%        3
 Conjure Flame            Conj/Fire      0%         6-21      100%        3
 Frozen Ramparts          Ice            0%         1d2       100%        3
 Gell's Gravitas          Tloc           0%         N/A       100%        3
 Inner Flame              Hex/Fire       0%         N/A       100%        3
 Lesser Beckoning         Tloc           0%         N/A       100%        3
 Mephitic Cloud           Conj/Pois/Air  0%         N/A       100%        3
 Ozocubu's Armour         Ice            0%         N/A       100%        3
 Portal Projectile        Hex/Tloc       0%         N/A       100%        3
 Spider Form              Tmut/Pois      0%         N/A       100%        3
 Swiftness                Air            0%         N/A       100%        3
 Teleport Other           Tloc           0%         N/A       100%        3
 Cause Fear               Hex            0%         N/A       100%        4
 Dispel Undead            Necr           0%         3d6       100%        4
 Flame Wave               Conj/Fire      0%         2d4       100%        4
 Fulminant Prism          Conj/Hex       0%         3d6       100%        4
 Hailstorm                Conj/Ice       0%         3d3       100%        4
 Ice Form                 Ice/Tmut       0%         N/A       100%        4
 Iskenderun's Mystic Bla  Conj/Tloc      0%         2d3       100%        4
 Leda's Liquefaction      Hex/Erth       0%         N/A       100%        4
 Olgreb's Toxic Radiance  Pois           0%         N/A       100%        4
 Petrify                  Tmut/Erth      0%         N/A       100%        4
 Alistair's Intoxication  Tmut/Pois      0%         N/A       100%        5
 Blade Hands              Tmut           0%         N/A       100%        5
 Borgnjor's Vile Clutch   Necr/Erth      0%         N/A       100%        5
 Fireball                 Conj/Fire      0%         3d3       100%        5
 Irradiate                Conj/Tmut      0%         3d13      100%        5
 Iskenderun's Battlesphe  Conj           0%         2d6       100%        5
 Lee's Rapid Deconstruct  Erth           0%         3d5*      100%        5
 Lightning Bolt           Conj/Air       0%         1d11      100%        5
 Manifold Assault         Tloc           0%         N/A       100%        5
 Metabolic Englaciation   Hex/Ice        0%         N/A       100%        5
 Yara's Violent Unravell  Hex/Tmut       0%         3d3       100%        5
 Conjure Ball Lightning   Conj/Air       0%         3x3d6     100%        6
 Dispersal                Tloc           0%         N/A       100%        6
 Eringya's Noxious Bog    Tmut/Pois      0%         N/A       100%        6
 Iron Shot                Conj/Erth      0%         9d1       100%        6
 Starburst                Conj/Fire      0%         6d3       100%        6
 Statue Form              Tmut/Erth      0%         N/A       100%        6
 Dragon Form              Tmut           0%         N/A       100%        7
 Orb of Destruction       Conj           0%         N/A       100%        7
 Discord                  Hex            0%         N/A       100%        8
 Disjunction              Tloc           0%         N/A       100%        8
 Ignition                 Fire           0%         3d3       100%        8
 Maxwell's Capacitive Co  Air            0%         ∞         100%        8
 Necromutation            Tmut/Necr      0%         N/A       100%        8
 Chain Lightning          Conj/Air       0%         N/A       100%        9
 Summon Small Mammal      Summ           Unusable   N/A       N/A         1
 Call Imp                 Summ           Unusable   N/A       N/A         2
 Call Canine Familiar     Summ           Unusable   N/A       N/A         3
 Summon Guardian Golem    Hex/Summ       Unusable   N/A       N/A         3
 Tukima's Dance           Hex            Unusable   N/A       N/A         3
 Animate Armour           Summ/Erth      Unusable   N/A       N/A         4
 Summon Ice Beast         Ice/Summ       Unusable   N/A       N/A         4
 Summon Lightning Spire   Summ/Air       Unusable   N/A       N/A         4
 Death Channel            Necr           Unusable   N/A       N/A         6
 Simulacrum               Ice/Necr       Unusable   N/A       N/A         6
 Haunt                    Necr/Summ      Unusable   N/A       N/A         7
 Malign Gateway           Summ/Tloc      Unusable   N/A       N/A         7
 Spellforged Servitor     Conj/Summ      Unusable   N/A       N/A         7
 Summon Hydra             Summ           Unusable   N/A       N/A         7
 Dragon's Call            Summ           Unusable   N/A       N/A         9

Dungeon Overview and Level Annotations

Branches:
Dungeon (15/15)            Temple (1/1) D:6            Lair (6/6) D:10
  Swamp (4/4) Lair:2       Spider (4/4) Lair:3        Slime (0/5) Lair:6
    Orc (2/2) D:10            Elf (3/3) Orc:2        Vaults (5/5) D:14
  Crypt (0/3) Vaults:3     Depths (4/4) D:15            Zot (5/5) Depths:4
  Sewer (visited)          Bailey (visited)         Gauntlet (visited)

Altars:
Ashenzari
Cheibriados
Dithmenos
Elyvilon
Fedhas
Gozag
Hepliaklqana
Kikubaaqudgha
Makhleb
Nemelex Xobeh
Okawaru
Qazlal
Ru
Sif Muna
Trog
Uskayaw
Vehumet
Wu Jian
Xom
Yredelemnul
Zin
The Shining One
Jiyva

Shops:
Orc:1 !   Orc:2 [?(*[   Elf:1 =::?   Elf:2 [   Elf:3 ?   Vaults:1 (
Vaults:2 ((*   Depths:1 (

Portals:
Hell: Depths:1 Depths:2 Depths:3 Depths:4
Abyss: Depths:3
Pandemonium: Depths:2
Ziggurat: Depths:2
Trove: Vaults:4 (give +5 ice dragon scales)

Annotations:
Lair:2 2 transporters
Lair:4 exclusion: downstairs
Elf:1 1 runed translucent door
Elf:2 3 runed translucent doors
Elf:3 4 exclusions
Zot:3 exclusion: downstairs


Innate Abilities, Weirdness & Mutations

You are too large for most types of armour.
You have claws for hands.
Your natural rate of healing is unusually fast.
You are covered in fur. (AC +1)
You have tough skin. (AC +1)
Your body sometimes deteriorates upon taking damage.
Your muscles are strong. (Str +2)


Message History

Unknown command.
Unknown command.
Unknown command.
Unknown command.
You feel much better. The dread lich casts a spell at you.
You suddenly lose the ability to move!
The hell beast bites you but does no damage.
The hell beast tramples you but does no damage.
The Orb Guardian hits you but does no damage.
The dread lich touches you but does no damage.
The green death hits you but does no damage.
The hell beast bites you but does no damage.
The hell beast tramples you but does no damage.
The Orb Guardian hits you but does no damage.
The Tzitzimitl engulfs you but does no damage.
The Tzitzimitl bites you.
* * * LOW MAGIC WARNING * * *;
* * * LOW HITPOINT WARNING * * *
You feel drained.
* * * LOW HITPOINT WARNING * * *
The Killer Klown does a somersault.
The dread lich touches you but does no damage.
The green death hits you!!
* * * LOW HITPOINT WARNING * * *
The hell beast bites you.
* * * LOW HITPOINT WARNING * * *
The hell beast tramples you but does no damage.
The Orb Guardian hits you!
* * * LOW HITPOINT WARNING * * *
The dread lich touches you but does no damage.
The Tzitzimitl calls on the powers of darkness!
Your body is wracked with pain!
* * * LOW HITPOINT WARNING * * *
The Orb Guardian convulses!
The Killer Klown convulses!
The hell beast bites you but does no damage.
The hell beast tramples you but does no damage.
The green death hits you but does no damage.
The Orb Guardian hits you!
* * * LOW MAGIC WARNING * * *
You die...

*....................#
*....................# #
*........)...........# #
*..................^.# ##
*.......^............###.
*#....^.............###..
##...^....".......##....
##.....X.............##
▓▓8..@L##▓▓▓▓▓▓▓▓▓▓▓#
*▓...122......,,,****
*▓....^........^,,,,,***
*▓.....^...p....,,,,,,,,*
*...............,,,,,,,,,
*...............,^,,,,,,,
*▓..............,,,,,,,,,
▓▓.............,,,,,,,,,
**,,,,,,,,,,,,,,,,,,,,,


You could see a Killer Klown, a dread lich (fast, invisible), a Tzitzimitl
(summoned), a hell beast (summoned), an Orb Guardian and a green death
(summoned).

Vanquished Creatures
  3 dread liches
  2 ancient liches
  2 orbs of fire (Zot:5)
  Tiamat (Zot:2)
  A juggernaut (Depths:3)
  Boris (Vaults:3)
  Bai Suzhen (Swamp:4)
  Saint Roka (Vaults:5)
  3 caustic shrikes (Depths:4)
  A curse toe (Zot:4)
  4 golden dragons
  Nikola (Spider:4)
  6 electric golems
  18 tentacled monstrosities
  A lich (Depths:3)
  10 Orb Guardians (Zot:5)
  A walking crystal tome (Depths:4)
  7 quicksilver dragons
  2 deep elf blademasters (Elf:3)
  2 walking frostbound tomes
  2 deep elf master archers (Elf:3)
  A walking divine tome (Depths:4)
  3 titans
  Frances (Elf:1)
  6 sphinxes
  5 tengu reavers
  7 death cobs
  11 shadow dragons
  19 storm dragons
  6 draconian monks
  4 iron dragons
  An azure jelly (Swamp:4)
  8 draconian knights
  12 frost giants
  5 deep elf elementalists
  14 vault wardens
  4 draconian scorchers
  5 deep elf sorcerers
  9 fire giants
  A balrug (Depths:2)
  6 ghost moths
  3 orc warlords
  5 draconian shifters
  A ghoul (Swamp:3)
  4 draconian annihilators
  6 emperor scorpions
  4 draconian stormcallers
  A quicksilver ooze (shapeshifter) (Vaults:4)
  15 very ugly things
  4 spriggan defenders (Depths:4)
  13 ironbound preservers
  4 vampire knights
  A reaper (Depths:2)
  The ghost of makewrite the Basher, a journeyman MiFi of Fedhas (Lair:6)
  10 stone giants
  7 dire elephants
  6 deep elf demonologists
  6 deep elf annihilators
  4 green draconians
  12 purple draconians
  5 eleionomae
  6 bunyips
  8 spark wasps
  12 black draconians
  A minotaur (Gauntlet)
  10 red draconians
  6 yellow draconians
  5 entropy weavers
  10 white draconians
  5 deep elf death magi
  11 ettins
  A merfolk javelineer (Depths:4)
  A blizzard demon (Depths:2)
  7 fire dragons
  2 crystal guardians (Vaults:4)
  10 deep elf high priests
  Josephine (Lair:3)
  The ghost of caleiya the Spear-Bearer, a journeyman GrFi of Ashenzari (Lair:4)
  10 ice dragons
  20 yaktaur captains
  11 great orbs of eyes
  12 ironbound thunderhulks
  A peacekeeper (Vaults:4)
  A catoblepas (D:15)
  A spriggan air mage (Depths:4)
  3 ghost crabs
  19 centaur warriors
  22 hydras
  2 rakshasas
  4 boulder beetles
  29 vault guards
  An anaconda (shapeshifter) (Vaults:5)
  3 death knights
  8 alligators
  2 ogre magi (Vaults:5)
  6 ironbound frosthearts
  3 two-headed ogres
  10 dancing weapons
  10 death yaks
  16 tengu warriors
  4 hell hogs (Depths:2)
  A vampire mage (Depths:4)
  4 deep troll earth magi
  9 deep troll shamans
  10 spriggan berserkers
  17 hell knights
  5 orc high priests (Orc:2)
  8 skeletal warriors
  4 sun demons
  3 soul eaters (Depths:2)
  15 deep elf knights
  2 shadow wraiths (Depths:2)
  5 iron trolls
  A sixfirhy (D:8)
  28 deep trolls
  5 goliath frogs
  8 glowing orange brains
  2 spriggan druids
  2 quicksilver dragon simulacra (Depths:2)
  A storm dragon skeleton (Depths:3)
  3 flayed ghosts
  An obsidian statue (Gauntlet)
  6 bog bodies
  2 swamp dragons
  A glowing orange brain (shapeshifter) (Vaults:4)
  9 wizards
  2 phantasmal warriors
  9 lindwurms
  19 ironbound convokers
  11 necromancers
  13 deep elf archers
  21 deep elf zephyrmancers
  8 orc knights
  24 deep elf pyromancers
  An orb spider (shapeshifter) (Vaults:5)
  A glowing shapeshifter (Depths:2)
  41 ugly things
  48 wolf spiders
  18 orb spiders
  6 cyclopes
  A frost giant zombie (Depths:2)
  5 orc sorcerers
  3 will-o-the-wisps
  A cyclops (shapeshifter) (Vaults:1)
  A shining eye (shapeshifter) (Vaults:4)
  20 elephants
  An elephant (shapeshifter) (Vaults:4)
  9 torpor snails
  26 vault sentinels
  A water nymph (shapeshifter) (Depths:2)
  26 moths of wrath
  An elf zombie (Vaults:1)
  2 ice statues
  2 smoke demons (Depths:1)
  9 black mambas
  A guardian serpent (Lair:6)
  Joseph (D:8)
  2 gargoyles (D:14)
  A black mamba (shapeshifter) (Depths:2)
  4 rime drakes
  24 cane toads
  9 komodo dragons
  9 tengu conjurers
  2 ice devils (Depths:2)
  A rime drake (shapeshifter) (Vaults:5)
  9 freezing wraiths
  32 yaktaurs
  16 demonic crawlers
  3 meliai (D:14)
  A meliai (shapeshifter) (Elf:3)
  40 jumping spiders
  3 trolls
  2 polar bears
  4 tyrant leeches
  25 hornets
  2 jumping spiders (shapeshifter)
  16 blink frogs
  27 slime creatures
  A frost giant simulacrum (Depths:2)
  2 spriggan zombies
  A redback (shapeshifter) (Depths:4)
  3 air elementals
  A vampire (D:13)
  A shadow (D:10)
  84 redbacks
  29 tarantellas
  10 wraiths
  2 spriggans (shapeshifter) (Vaults:5)
  11 spriggans
  14 wyverns
  2 yaks (shapeshifter)
  3 humans (Swamp:3)
  5 basilisks
  5 water elementals
  64 yaks
  2 hogs (Swamp:3)
  4 fire elementals
  3 steam dragons
  12 vampire mosquitoes
  4 swamp worm simulacra (Swamp:4)
  3 wargs
  Edmund (D:6)
  16 swamp worms
  Duvessa (D:7)
  31 water moccasins
  A floating eye (shapeshifter) (Vaults:4)
  3 hell hounds (D:15)
  3 human skeletons (Vaults:1)
  16 hydra simulacra (Swamp:4)
  A swamp drake (Lair:2)
  39 orc warriors
  9 black bears
  A sky beast (D:6)
  3 ettin simulacra (Depths:2)
  5 ogres
  25 wolves
  13 centaurs
  2 kobold brigands (D:7)
  3 phantoms
  15 bullfrogs
  4 earth elementals
  6 scorpions
  A water moccasin zombie (D:6)
  A glowing shapeshifter simulacrum (Vaults:1)
  A human simulacrum (Depths:3)
  Dowan (D:7)
  15 killer bees
  8 wights
  7 howler monkeys
  5 electric eels (D:10)
  4 centaur zombies
  A bullfrog zombie (D:6)
  8 hounds
  A jelly (D:7)
  A gnoll shaman (D:7)
  19 orc priests
  Crazy Yiuf (D:3)
  2 bullfrog skeletons
  A centaur skeleton (D:7)
  3 iguanas
  20 orc wizards
  2 hell rats (D:15)
  2 killer bee zombies
  3 howler monkey zombies
  10 gnolls
  11 adders
  2 shadow imps
  A white imp (D:6)
  4 ufetubi
  4 swamp drake simulacra (Swamp:4)
  3 dart slugs
  66 orcs
  9 bats
  12 endoplasms
  11 giant cockroaches
  15 goblins
  6 hobgoblins
  4 jackals (D:1)
  6 quokkas
  3 training dummies (Depths:1)
  6 ball pythons
  10 frilled lizards
  28 kobolds
  10 rats
  A fire vortex (Lair:3)
2114 creatures vanquished.

Vanquished Creatures (others)
  Kirke (Swamp:3)
  A draconian shifter (Zot:2)
  A white draconian (Zot:2)
  A hydra (Swamp:4)
  A swamp dragon (Swamp:3)
  A deep elf zephyrmancer (Elf:1)
  A deep elf pyromancer (Elf:3)
  2 bloated husks
  A jumping spider (Spider:4)
  A redback (Spider:4)
  2 hogs (Swamp:3)
  A swamp worm (Swamp:3)
  An orc wizard (Vaults:5)
  An orc (Vaults:5)
  4 bushes (Lair:6)
  12 foxfires
  50 fungi
  91 plants
173 creatures vanquished.

Grand Total: 2287 creatures vanquished

Notes
Turn   | Place    | Note
-------+----------+-------------------------------------------
     0 | D:1      | Htamos the Troll Monk began the quest for the Orb.
     0 | D:1      | Reached XP level 1. HP: 22/22 MP: 0/0
   124 | D:1      | Reached XP level 2. HP: 29/29 MP: 1/1
   173 | D:1      | Found a faded altar of an unknown god.
   487 | D:1      | Reached XP level 3. HP: 34/36 MP: 2/2
   763 | D:2      | Reached skill level 4 in Unarmed Combat
   888 | D:2      | Reached XP level 4. HP: 32/45 MP: 3/3
  1021 | D:2      | Found a burning altar of Makhleb.
  1403 | D:3      | Identified a scroll of acquirement
  1403 | D:3      | Acquired the amulet "Giaciser" {Spirit rElec SInv}
  1440 | D:3      | Reached skill level 5 in Unarmed Combat
  1469 | D:3      | Reached XP level 5. HP: 53/53 MP: 4/4
  1526 | D:3      | Found a runed translucent door.
  1527 | D:3      | Noticed Crazy Yiuf
  1596 | D:3      | Found a glowing drain.
  1616 | Sewer    | Entered a sewer
  1827 | Sewer    | Reached skill level 6 in Unarmed Combat
  1827 | Sewer    | Reached XP level 6. HP: 46/62 MP: 1/5
  2060 | Sewer    | Gained mutation: Armour fits poorly on your strangely
                  | shaped body. [potion of mutation]
  2060 | Sewer    | Gained mutation: You have a pair of small horns on your
                  | head. [potion of mutation]
  2060 | Sewer    | Gained mutation: Your flesh is cold resistant. (rC+)
                  | [potion of mutation]
  2061 | Sewer    | Lost mutation: You have a pair of small horns on your head.
                  | [potion of mutation]
  2061 | Sewer    | Lost mutation: Armour fits poorly on your strangely shaped
                  | body. [potion of mutation]
  2061 | Sewer    | Lost mutation: Your flesh is cold resistant. (rC+) [potion
                  | of mutation]
  2061 | Sewer    | Gained mutation: You possess an exceptional clarity of
                  | mind. [potion of mutation]
  2731 | D:3      | Killed Crazy Yiuf
  2783 | D:4      | Reached XP level 7. HP: 70/70 MP: 6/6
  2829 | D:4      | Reached skill level 7 in Unarmed Combat
  3445 | D:5      | Entered Level 5 of the Dungeon
  3761 | D:5      | Reached skill level 5 in Fighting
  3761 | D:5      | Reached skill level 8 in Unarmed Combat
  3790 | D:5      | Reached XP level 8. HP: 75/80 MP: 7/7
  3968 | D:5      | Reached skill level 9 in Unarmed Combat
  4102 | D:6      | Found a staircase to the Ecumenical Temple.
  4133 | Temple   | Entered the Ecumenical Temple
  4480 | Temple   | Became a worshipper of Warmaster Okawaru
  4480 | Temple   | Reached * piety under Okawaru
  4480 | Temple   | Reached ** piety under Okawaru
  4693 | D:6      | Reached skill level 10 in Unarmed Combat
  4697 | D:6      | Reached XP level 9. HP: 69/89 MP: 5/8
  4699 | D:6      | Reached *** piety under Okawaru
  4903 | D:6      | Noticed Edmund
  4925 | D:6      | Killed Edmund
  5034 | D:6      | Reached skill level 11 in Unarmed Combat
  5829 | D:7      | Noticed Duvessa
  5829 | D:7      | Noticed Dowan
  5839 | D:7      | Reached **** piety under Okawaru
  5842 | D:7      | Killed Dowan
  5855 | D:7      | Killed Duvessa
  6188 | D:8      | Reached skill level 12 in Unarmed Combat
  6393 | D:8      | Found a glowing golden altar of the Shining One.
  6404 | D:8      | Found a basalt altar of Yredelemnul.
  6406 | D:8      | Noticed a profane servitor
  6440 | D:8      | Noticed a sixfirhy
  6443 | D:8      | Found a runed translucent door.
  6444 | D:8      | Noticed Joseph
  6455 | D:8      | Reached XP level 10. HP: 92/102 MP: 7/9
  6485 | D:8      | Killed Joseph
  6671 | D:8      | Identified the +9 hunting sling "Impbane" {flame, rCorr
                  | Stlth+}
  7164 | D:8      | Noticed an angel
  7208 | D:8      | Killed a sixfirhy
  7209 | D:8      | Reached skill level 13 in Unarmed Combat
  7232 | D:9      | Noticed a two-headed ogre
  7235 | D:9      | Killed a two-headed ogre
  7235 | D:9      | Reached ***** piety under Okawaru
  7281 | D:9      | Found a flagged portal.
  7290 | Bailey   | Entered a bailey
  7419 | Bailey   | Noticed an orc knight
  7435 | Bailey   | Killed an orc knight
  7436 | Bailey   | Reached skill level 14 in Unarmed Combat
  7446 | Bailey   | Reached XP level 11. HP: 58/113 MP: 4/10
  7573 | Bailey   | Identified the ring of Neckoob {Contam rC+ EV+4 Str+3}
  7589 | Bailey   | Got The Incunabulum of Greatest Risks and Utility
  7691 | D:9      | Received a gift from Okawaru
  8680 | D:10     | Entered Level 10 of the Dungeon
  8738 | D:10     | Found a staircase to the Orcish Mines.
  8876 | D:10     | Reached skill level 15 in Unarmed Combat
  8889 | D:10     | Found a staircase to the Lair.
  9918 | D:11     | Found an opulent altar of Gozag.
 10163 | D:12     | Noticed a green ugly thing
 10173 | D:12     | Killed a green ugly thing
 10206 | D:12     | Noticed a two-headed ogre
 10213 | D:12     | Killed a two-headed ogre
 10430 | D:12     | Noticed a phantasmal warrior
 10439 | D:12     | Noticed a death knight
 10442 | D:12     | Killed a phantasmal warrior
 10442 | D:12     | Received a gift from Okawaru
 10443 | D:12     | Reached skill level 16 in Unarmed Combat
 10541 | D:12     | Found a gate leading to a gauntlet.
 10586 | Gauntlet | Entered a Gauntlet
 10586 | Gauntlet | Found a transporter.
 10586 | Gauntlet | Found a transporter.
 10586 | Gauntlet | Found a transporter.
 10596 | Gauntlet | Found a transporter.
 10599 | Gauntlet | Found a transporter.
 10607 | Gauntlet | Found a transporter.
 10610 | Gauntlet | Found a transporter.
 10614 | Gauntlet | Noticed a wretched star
 10618 | Gauntlet | Found a transporter.
 10637 | Gauntlet | Found a transporter.
 10637 | Gauntlet | Noticed an obsidian statue
 10643 | Gauntlet | Found a transporter.
 10645 | Gauntlet | Found a transporter.
 10645 | Gauntlet | Noticed a necromancer
 10656 | Gauntlet | Found a transporter.
 10787 | Gauntlet | Reached skill level 10 in Fighting
 10812 | Gauntlet | Reached XP level 12. HP: 110/126 MP: 9/11
 10945 | Gauntlet | Noticed a minotaur
 10950 | Gauntlet | Killed a minotaur
 10956 | Gauntlet | Identified the +7 whip of the Wasteland {protect, *Corrode
                  | Will++ Str+7}
 10957 | Gauntlet | Got the Volume of Creation and Fire
 10957 | Gauntlet | Got the Incunabulum of Destructive Air
 11086 | D:12     | Killed a death knight
 11666 | D:13     | Reached skill level 17 in Unarmed Combat
 11859 | D:13     | Noticed a tengu warrior
 11980 | Orc:1    | Entered Level 1 of the Orcish Mines
 12322 | Orc:1    | Found Zubecz Baut's Distillery.
 12540 | Orc:2    | Entered Level 2 of the Orcish Mines
 12577 | Orc:2    | Paralysed by an orc sorcerer for 6 turns
 12694 | Orc:2    | Noticed a two-headed ogre
 12703 | Orc:2    | Killed a two-headed ogre
 12741 | Orc:2    | Found a staircase to the Elven Halls.
 12770 | Orc:2    | Noticed an orc high priest
 12786 | Orc:2    | Noticed an orc high priest
 12946 | Orc:2    | Received a gift from Okawaru
 13003 | Orc:2    | Killed an orc high priest
 13074 | Orc:2    | Noticed an orc high priest
 13090 | Orc:2    | Killed an orc high priest
 13101 | Orc:2    | Noticed an orc high priest
 13117 | Orc:2    | Killed an orc high priest
 13118 | Orc:2    | Reached skill level 18 in Unarmed Combat
 13123 | Orc:2    | Reached XP level 13. HP: 133/137 MP: 12/12
 13449 | Orc:2    | Found Uvonkaew's Armour Boutique.
 13449 | Orc:2    | Found Kucecu's Magic Scroll Boutique.
 13450 | Orc:2    | Found Ybateclo's Assorted Antiques.
 13450 | Orc:2    | Found Inuuptic's Weapon Shop.
 13592 | Orc:2    | Found Momuom's Armour Shop.
 14237 | D:14     | You fall into a shaft and drop 1 floor!
 14237 | D:15     | Entered Level 15 of the Dungeon
 14466 | D:15     | Found a staircase to the Depths.
 14466 | D:15     | Noticed a stone giant
 14605 | D:14     | Identified the +3 mace of the Dancing Fulmar {flame, Int+7
                  | Stlth+}
 14611 | D:14     | Reached ****** piety under Okawaru
 14622 | D:14     | Reached skill level 19 in Unarmed Combat
 15152 | D:14     | Found a gate to the Vaults.
 15437 | Lair:1   | Entered Level 1 of the Lair of Beasts
 15446 | Lair:1   | Received a gift from Okawaru
 16082 | Lair:1   | Reached XP level 14. HP: 105/150 MP: 9/13
 16433 | Lair:2   | Found a transporter.
 16595 | Lair:2   | Reached skill level 20 in Unarmed Combat
 16722 | Lair:2   | Found a transporter.
 16764 | Lair:2   | Found a staircase to the Swamp.
 16780 | Lair:2   | Identified the +10 battleaxe of Qituek {protect, rPois rC+}
                  | (Okawaru gifted it to you on level 2 of the Lair of Beasts)
 16780 | Lair:2   | Received a gift from Okawaru
 16795 | Lair:2   | Lost mutation: You possess an exceptional clarity of mind.
                  | [mutagenic glow]
 17707 | Lair:3   | Found a hole to the Spider Nest.
 18232 | Lair:4   | Noticed Josephine
 18298 | Lair:3   | Killed Josephine
 18308 | Lair:4   | Received a gift from Okawaru
 18848 | Lair:4   | Reached skill level 21 in Unarmed Combat
 19107 | Lair:4   | Found a sacrificial altar of Ru.
 19311 | Lair:4   | Found a runed translucent gate.
 19311 | Lair:4   | Found a runed translucent gate.
 19312 | Lair:4   | Found a runed translucent gate.
 19314 | Lair:4   | Noticed caleiya's ghost (journeyman GrFi)
 19881 | Lair:4   | Killed caleiya's ghost
 19881 | Lair:4   | Received a gift from Okawaru
 20302 | Lair:5   | Reached XP level 15. HP: 161/161 MP: 14/14
 20339 | Lair:5   | Found a snail-covered altar of Cheibriados.
 20585 | Lair:5   | Identified the +2 helmet of the King of the Hill {rN+ rCorr
                  | Int-4 SInv}
 21052 | Lair:6   | Entered Level 6 of the Lair of Beasts
 21230 | Lair:6   | Found a runed translucent door.
 21296 | Lair:6   | Paralysed by a hornet for 1 turns
 21301 | Lair:6   | Noticed makewrite's ghost (journeyman MiFi)
 21480 | Lair:6   | Killed makewrite's ghost
 21481 | Lair:6   | Reached skill level 22 in Unarmed Combat
 21487 | Lair:6   | Identified the ring "Biliutz" {EV+4 Slay+5}
 21498 | Lair:6   | Got the Tome of Freezing Malediction
 21656 | Lair:6   | Identified the +9 dagger "Tyzxov" {vorpal, Str+4 Stlth+}
 21696 | Lair:6   | Identified the +1 robe of the Forsaken Moons {rElec}
                  | (Okawaru gifted it to you on level 6 of the Lair of Beasts)
 21696 | Lair:6   | Received a gift from Okawaru
 21781 | Lair:6   | Paralysed by a hornet for 2 turns
 22228 | Lair:6   | Found a viscous altar of Jiyva.
 22228 | Lair:6   | Found a staircase to the Slime Pits.
 22544 | Lair:6   | Identified the ring "Wonemes" {rF+ Int+6}
 23118 | Orc:2    | Bought gold dragon scales for 2640 gold pieces
 23441 | D:13     | Reached skill level 1 in Armour
 24170 | D:15     | Received a gift from Okawaru
 24171 | D:15     | Reached skill level 1 in Shields
 24778 | D:15     | Reached XP level 16. HP: 147/174 MP: 12/15
 25285 | Elf:1    | Entered Level 1 of the Elven Halls
 25285 | Elf:1    | Found a runed translucent gate.
 25285 | Elf:1    | Found a runed translucent gate.
 25285 | Elf:1    | Found a runed translucent gate.
 25285 | Elf:1    | Found a runed translucent gate.
 25285 | Elf:1    | Found a runed translucent gate.
 25285 | Elf:1    | Found a runed translucent gate.
 25289 | Elf:1    | Found a runed translucent door.
 25401 | Elf:1    | Found a runed translucent door.
 25465 | Elf:1    | Paralysed by an air elemental for 1 turns
 25471 | Elf:1    | Received a gift from Okawaru
 25474 | Elf:1    | Noticed Frances
 25485 | Elf:1    | Killed Frances
 25650 | Elf:1    | Reached skill level 5 in Armour
 25920 | Elf:1    | Reached skill level 5 in Shields
 26003 | Elf:1    | Found Xiorytz's Magic Scroll Shoppe.
 26270 | Elf:1    | Found Soqozibu's Book Boutique.
 26275 | Elf:1    | Found Moelimiace's Jewellery Emporium.
 26276 | Elf:1    | Found Paplism's Book Boutique.
 26530 | Elf:2    | Found Uhumar's Antique Armour Shoppe.
 26628 | Elf:2    | Reached skill level 15 in Fighting
 26848 | Elf:1    | Received a gift from Okawaru
 27349 | Elf:2    | Found a runed translucent gate.
 27349 | Elf:2    | Found a runed translucent gate.
 27349 | Elf:2    | Found a runed translucent gate.
 27589 | Elf:3    | Entered Level 3 of the Elven Halls
 27736 | Elf:3    | Paralysed by an air elemental for 1 turns
 27739 | Elf:3    | Paralysed by an air elemental for 1 turns
 27813 | Elf:3    | Found Temit's Magic Scroll Emporium.
 27824 | Elf:3    | Bought a scroll of enchant armour for 142 gold pieces
 28263 | Elf:3    | Found Temit's Magic Scroll Emporium.
 28396 | Elf:3    | Identified the +0 leather armour of Muttered Phrases {rF-
                  | rC+ Dex+6}
 28396 | Elf:3    | Identified the ring of Wail {rC+ Int+2}
 28407 | Elf:3    | Reached XP level 17. HP: 162/184 MP: 12/16
 28576 | Elf:3    | Found Temit's Magic Scroll Emporium.
 29004 | Elf:3    | Identified the ring "Tautouj" {rCorr Str+2 Stlth+}
 29004 | Elf:3    | Noticed a deep elf master archer
 29004 | Elf:3    | Identified the +6 falchion of Defiance {flame, *Rage rPois
                  | Will+ Str+7}
 29012 | Elf:3    | Noticed a deep elf blademaster
 29031 | Elf:3    | Killed a deep elf blademaster
 29034 | Elf:3    | Killed a deep elf master archer
 29034 | Elf:3    | Received a gift from Okawaru
 29135 | Elf:3    | Identified the +5 scale mail of the Imp {rPois Dex+4 SInv}
 29385 | Elf:3    | Noticed a Brimstone Fiend
 29734 | Elf:3    | Noticed an Ice Fiend
 30150 | Elf:3    | Noticed a deep elf master archer
 30167 | Elf:3    | Killed a deep elf master archer
 30241 | Elf:3    | Got the Reference Book on Frigorific Air
 30254 | Elf:3    | Noticed a deep elf blademaster
 30263 | Elf:3    | Killed a deep elf blademaster
 30328 | Elf:3    | Got the Incunabulum of Lightness
 30341 | Elf:3    | Got the Papyrus of Toxins and Summoning
 30343 | Elf:3    | Identified the +2 hand crossbow of Amorality {penet, Contam
                  | rF++ Dex+3}
 30363 | Elf:3    | Identified the +3 shortbow "Sigitioh" {vorpal, Stlth+}
 30371 | Elf:3    | Identified the +2 pair of gloves "Laluet" {+Inv rF- Int+4
                  | Dex+8}
 30752 | Orc:2    | Bought a scroll of enchant weapon for 75 gold pieces
 30752 | Orc:2    | Bought a scroll of enchant armour for 75 gold pieces
 30752 | Orc:2    | Bought a scroll of enchant armour for 75 gold pieces
 30752 | Orc:2    | Bought a scroll of magic mapping for 35 gold pieces
 30752 | Orc:2    | Bought a scroll of enchant weapon for 75 gold pieces
 31040 | Spider:1 | Entered Level 1 of the Spider Nest
 31128 | Spider:1 | Received a gift from Okawaru
 31297 | Spider:1 | Reached skill level 10 in Armour
 31809 | Spider:2 | Reached skill level 10 in Shields
 32145 | Spider:2 | Identified the +6 broad axe of Xona {vorpal, rElec rC+
                  | Dex+5} (Okawaru gifted it to you on level 2 of the Spider
                  | Nest)
 32145 | Spider:2 | Received a gift from Okawaru
 32516 | Spider:2 | You fall into a shaft and drop 1 floor!
 32838 | Spider:3 | Reached XP level 18. HP: 196/196 MP: 17/17
 33515 | Spider:4 | Entered Level 4 of the Spider Nest
 33562 | Spider:4 | Received a gift from Okawaru
 33956 | Spider:4 | Noticed Nikola
 33974 | Spider:4 | Killed Nikola
 34411 | Spider:3 | Received a gift from Okawaru
 34646 | Spider:4 | Reached skill level 1 in Invocations
 35706 | Spider:4 | Received a gift from Okawaru
 35885 | Spider:4 | Got a gossamer rune of Zot
 36391 | Vaults:1 | Entered Level 1 of the Vaults
 36400 | Vaults:1 | Found Iddur's Weapon Boutique.
 37177 | Vaults:1 | Reached XP level 19. HP: 168/206 MP: 9/20
 37450 | Vaults:1 | Identified the +8 tower shield of Okawaru's Whim {rPois rF+
                  | Int-3 SInv} (Okawaru gifted it to you on level 1 of the
                  | Vaults)
 37450 | Vaults:1 | Received a gift from Okawaru
 38290 | Vaults:2 | Found Gozag's Assorted Antiques.
 38294 | Vaults:2 | Found an opulent altar of Gozag.
 38294 | Vaults:2 | Found Gozag's Antique Weapon Shoppe.
 38297 | Vaults:2 | Bought a wand of acid (4) for 800 gold pieces
 38311 | Vaults:2 | Found Gozag's Antique Weapon Emporium.
 38331 | Vaults:2 | Reached skill level 5 in Invocations
 39019 | Vaults:2 | Identified the +11 morningstar of Eternal Vigilance
                  | {vorpal, *Noise rN+ SInv} (Okawaru gifted it to you on
                  | level 2 of the Vaults)
 39019 | Vaults:2 | Received a gift from Okawaru
 39637 | Vaults:3 | Noticed Boris
 39657 | Vaults:3 | Killed Boris
 39882 | Vaults:3 | Received a gift from Okawaru
 40210 | Vaults:3 | Reached XP level 20. HP: 217/218 MP: 23/23
 40217 | Vaults:3 | Reached skill level 23 in Unarmed Combat
 40635 | Vaults:3 | Found a staircase to the Crypt.
 41035 | Vaults:4 | Acquired a manual of Armour
 41240 | Vaults:4 | Received a gift from Okawaru
 41296 | Vaults:4 | Found a portal to a secret trove of treasure.
 42612 | Swamp:1  | Entered Level 1 of the Swamp
 42794 | Swamp:1  | Found the +9 heavy crossbow "Sniper" {vorpal, Acc+∞ SInv}
 42941 | Swamp:1  | Identified the +11 quarterstaff of Okawaru's Whim {venom,
                  | rPois Dex+4} (Okawaru gifted it to you on level 1 of the
                  | Swamp)
 42941 | Swamp:1  | Received a gift from Okawaru
 43337 | Swamp:2  | Reached skill level 15 in Shields
 43825 | Swamp:2  | You fall into a shaft and drop 1 floor!
 43834 | Swamp:3  | Noticed Kirke
 43848 | Swamp:3  | Killed Kirke
 44523 | Swamp:3  | Received a gift from Okawaru
 44753 | Swamp:4  | Entered Level 4 of the Swamp
 44829 | Swamp:4  | Noticed Bai Suzhen
 44852 | Swamp:4  | Killed Bai Suzhen
 44960 | Swamp:4  | Identified the +8 hunting sling of Mutualism {venom, rElec
                  | Will+} (Okawaru gifted it to you on level 4 of the Swamp)
 44960 | Swamp:4  | Received a gift from Okawaru
 45284 | Swamp:4  | Reached XP level 21. HP: 228/228 MP: 26/26
 45927 | Swamp:4  | Got a decaying rune of Zot
 46295 | Depths:1 | Entered Level 1 of the Depths
 46501 | Depths:1 | Got Qoal's Guide on Toxic Evil Secrets
 46553 | Depths:1 | Identified the amulet of Icko {*Corrode Fly Regen+ Int+10
                  | Dex+4}
 46706 | Depths:1 | Found Wela's Firing Range.
 46788 | Depths:1 | Found a gateway to Hell.
 46798 | Depths:1 | Reached skill level 15 in Armour
 47064 | Depths:2 | Identified the +0 robe "Lylousch" {rC+ Str+2} (Okawaru
                  | gifted it to you on level 2 of the Depths)
 47064 | Depths:2 | Received a gift from Okawaru
 47374 | Depths:2 | Reached skill level 24 in Unarmed Combat
 47447 | Depths:2 | Identified the +5 scimitar "Ruelin" {vorpal, rN++}
 47479 | Depths:2 | Acquired the +2 hood of the Assassin {Detection Stab+
                  | Stlth++}
 47479 | Depths:2 | Found the +2 hood of the Assassin {Detection Stab+ Stlth++}
 47518 | Depths:2 | Found a glowing golden altar of the Shining One.
 47520 | Depths:2 | Found a one-way gate leading to the halls of Pandemonium.
 47744 | Depths:2 | Noticed a golden dragon
 47778 | Depths:2 | Killed a golden dragon
 48063 | Depths:2 | Identified the +9 hand axe of Day {vorpal, rPois Will+
                  | Str+3 Int+3}
 48102 | Depths:2 | Found a broken altar of Ashenzari.
 48141 | Depths:2 | Received a gift from Okawaru
 48287 | Depths:2 | Found an ornate altar of the Wu Jian Council.
 48404 | Depths:2 | Identified the +6 flail "Leviticus" {flame, rF+ Int+2
                  | Stlth+}
 48422 | Depths:2 | Found a sacrificial altar of Ru.
 48455 | Depths:2 | Found a one-way gateway to a ziggurat.
 48749 | Depths:3 | Reached XP level 22. HP: 230/241 MP: 24/27
 49020 | Depths:3 | Identified the +0 robe of Wuinana {Rampage Str-3 Dex-2
                  | Slay+4} (Okawaru gifted it to you on level 3 of the Depths)
 49020 | Depths:3 | Received a gift from Okawaru
 49111 | Depths:3 | Noticed a juggernaut
 49132 | Depths:3 | Killed a juggernaut
 49291 | Depths:3 | Identified the +1 robe "Daycicw" {*Slow Int+9 Dex+4}
 49582 | Depths:3 | Found a one-way gate to the infinite horrors of the Abyss.
 49699 | Depths:4 | Entered Level 4 of the Depths
 49899 | Depths:4 | Reached skill level 25 in Unarmed Combat
 50179 | Depths:4 | Noticed a caustic shrike
 50182 | Depths:4 | Noticed a caustic shrike
 50183 | Depths:4 | Noticed a caustic shrike
 50189 | Depths:4 | Killed a caustic shrike
 50196 | Depths:4 | Killed a caustic shrike
 50204 | Depths:4 | Killed a caustic shrike
 50830 | Depths:4 | Received a gift from Okawaru
 50897 | Depths:4 | Found a gate to the Realm of Zot.
 51751 | Vaults:5 | Entered Level 5 of the Vaults
 51752 | Vaults:5 | Noticed a golden dragon
 51761 | Vaults:5 | Noticed a golden dragon
 51828 | Vaults:5 | Noticed an ancient lich
 51880 | Vaults:4 | Killed a golden dragon
 51881 | Vaults:4 | Reached XP level 23. HP: 210/254 MP: 22/28
 52107 | Vaults:5 | Noticed a dread lich
 52131 | Vaults:5 | Killed a dread lich
 52157 | Vaults:5 | Killed an ancient lich
 52170 | Vaults:5 | Received a gift from Okawaru
 52359 | Vaults:5 | Identified the +7 short sword of Accidental Termination
                  | {freeze, rC+ rN+ Dex+3}
 52373 | Vaults:5 | Identified the ring "Kojoemoq" {*Corrode rElec rF++ EV+4}
 52423 | Vaults:5 | Noticed Saint Roka
 52449 | Vaults:5 | Killed Saint Roka
 52618 | Vaults:5 | Received a gift from Okawaru
 52762 | Vaults:5 | Reached skill level 26 in Unarmed Combat
 53009 | Vaults:5 | Identified the ring "Nuunwugg" {Fire rN+++ Will- MP+9
                  | Dex+2}
 53140 | Vaults:5 | Identified the +8 mace "Lidone" {elec, +Blink}
 53418 | Vaults:5 | Got a silver rune of Zot
 53938 | Zot:1    | Entered Level 1 of the Realm of Zot
 54013 | Zot:1    | Identified the +1 robe "Jaikk" {Int+5 SInv} (Okawaru gifted
                  | it to you on level 1 of the Realm of Zot)
 54013 | Zot:1    | Received a gift from Okawaru
 55263 | Zot:2    | Reached XP level 24. HP: 249/267 MP: 27/28
 56257 | Zot:2    | Found the +4 dragonskin cloak
 56257 | Zot:2    | Noticed Tiamat
 56303 | Zot:2    | Killed Tiamat
 56848 | Zot:3    | Identified the +3 swamp dragon scales "Resaawnu" {rPois
                  | rN++} (Okawaru gifted it to you on level 3 of the Realm of
                  | Zot)
 56848 | Zot:3    | Received a gift from Okawaru
 58132 | Zot:4    | Reached skill level 5 in Dodging
 59030 | Zot:5    | Entered Level 5 of the Realm of Zot
 59305 | Zot:5    | Received a gift from Okawaru
 59305 | Zot:5    | Found the +3 robe of Clouds {*Thunder rCloud rElec}
 59341 | Zot:5    | Reached skill level 27 in Unarmed Combat
 59378 | Zot:5    | Reached XP level 25. HP: 264/278 MP: 27/28
 59643 | Zot:5    | Noticed an ancient lich
 59652 | Zot:5    | Killed an ancient lich
 59688 | Zot:5    | Noticed a dread lich
 59689 | Zot:5    | Noticed a dread lich
 59690 | Zot:5    | Noticed an orb of fire
 59704 | Zot:5    | Killed a dread lich
 59708 | Zot:5    | Noticed a dread lich
 59716 | Zot:5    | Killed a dread lich
 59722 | Zot:5    | Noticed an orb of fire
 59723 | Zot:5    | Gained mutation: You sometimes lose the ability to read
                  | scrolls when taking damage. [an orb of fire]
 59723 | Zot:5    | Noticed an orb of fire
 59729 | Zot:5    | Noticed a Killer Klown
 59737 | Zot:5    | Killed an orb of fire
 59739 | Zot:5    | Gained mutation: You tend to lose your temper in combat.
                  | [an orb of fire]
 59747 | Zot:5    | Gained mutation: You occasionally shout uncontrollably at
                  | your foes. [an orb of fire]
 59748 | Zot:5    | Killed an orb of fire
 59758 | Zot:5    | Lost mutation: You tend to lose your temper in combat.
                  | [potion of mutation]
 59758 | Zot:5    | Lost mutation: You sometimes lose the ability to read
                  | scrolls when taking damage. [potion of mutation]
 59758 | Zot:5    | Lost mutation: You occasionally shout uncontrollably at
                  | your foes. [potion of mutation]
 59758 | Zot:5    | Gained mutation: Your body sometimes deteriorates upon
                  | taking damage. [potion of mutation]
 59758 | Zot:5    | Gained mutation: Your muscles are strong. (Str +2) [potion
                  | of mutation]
 59759 | Zot:5    | Paralysed by a dread lich for 3 turns
 59760 | Zot:5    | HP: 6/256 [Orb Guardian (10)]
 59760 | Zot:5    | Mangled by an Orb Guardian

Illustrated notes

Levels and vault maps discovered:
D:1:      tarquinn_simple_flora_water_d, layout_basic,
          hellmonk_ecumenical_altar_arch_garden
D:2:      layout_basic, basic_altar, minmay_indecisive_spiral
D:3:      layout_basic, gup_sewer_entry_pipe, lemuel_another_geyser,
          uniq_crazy_yiuf_cottage
D:4:      layout_loops_cross
D:5:      nicolae_cairo_tiling_large_dashed, layout_cave_pools
D:6:      layout_cave_pools, temple_statues, grunt_ministairs_5, st_stairs_1,
          lemuel_flamethrower_2, uniq_edmund
D:7:      layout_gridville, uniq_duvessa
D:8:      cheibrodos_shockbox, layout_basic, grunt_temple_overflow_holy_war,
          chequers_decorated_corner, uniq_joseph
D:9:      wad_crossroads, layout_loops_corners, enter_bailey_5
D:10:     layout_loops_cross, erik_lair_island, orc_0_dummy,
          minmay_misc_feat_square
D:11:     layout_loops_ring, kennysheep_pointless_box, grunt_gozag_statues
D:12:     old_forge, layout_loops_ring, gauntlet_entry_generic
D:13:     layout_roguey, minivault_12
D:14:     layout_small_grid, david_vaults_4, palyth_stone_intersect,
          minivault_16, grunt_decor_one_mirror
D:15:     grunt_enter_depths_giant_problem, layout_long_grid,
          minmay_misc_feat_columns, special_room [special_room_mythical_zoo]
Temple:   mainiacjoe_temple_cubbyholes
Lair:1:   layout_concentric_octagons, beast_lair_carwin_3
Lair:2:   gammafunk_cloud_chamber, layout_cave_pods,
          minmay_swamp_entry_reptiles, grunt_megastairs_2, serial_bayou_shore_b
Lair:3:   layout_gridlike, spider_nest_entry_a, minivault_27,
          serial_bayou_pond_a
Lair:4:   beast_lair_carwin_large_3, layout_cave_pods,
          gammafunk_ghost_hydra_chop, basic_altar, pond, uniq_josephine
Lair:5:   layout_regular_city, grunt_forest_stairs_basic,
          kennysheep_snail_temple, lemuel_fruit_tree
Lair:6:   hangedman_lair_tendril_chambers, layout_misc_corridors, slime_altar_1,
          ebering_ghost_reflecting_pool
Swamp:1:  layout_falls_marsh, nicolae_swamp_dense_foliage, swamp_pool4,
          infiniplex_staircase_pool
Swamp:2:  layout_basic_swamp, evilmike_swamp_ruin_house_6, grunt_hermit_hut
Swamp:3:  layout_falls_marsh, nicolae_swamp_small_spring,
          infiniplex_staircase_pool_2, uniq_kirke
Swamp:4:  swamp_icy, layout_basic_swamp, uniq_bai_suzhen
Spider:1: layout_spider_delve
Spider:2: layout_spider_delve
Spider:3: layout_spider_delve, nicolae_spider_orb_run
Spider:4: grunt_spider_rune_parallel, nicolae_spider_jagged_tunnels, uniq_nikola
Orc:1:    layout_diamond_mine, serial_shops, shop_statue, lightli_orcish_oven
Orc:2:    st_orc_pillars, layout_caves, serial_shops, nicolae_shop_waterfront
Elf:1:    nicolae_elf_arrival_dilemma, layout_loops_ring, serial_shops,
          nicolae_shop_behind_doors, minmay_shop_grove, uniq_frances
Elf:2:    elven_hall_of_blades_hangedman_original
          [nicolae_blade_entry_floor_patterns], layout_loops_cross,
          serial_shops, shop_statue, uniq_aizul, uniq_donald
Elf:3:    grunt_elf_hall_spiral, layout_geoelf_octagon, serial_shops,
          nicolae_shop_stone
Vaults:1: vaults_room_pools, nicolae_vaults_branching_niches,
          vaults_room_stairs_pillars, hangedman_vaults_pinch,
          ontoclasm_vaults_ring_square, ontoclasm_vaults_misaligned,
          hangedman_vaults_nodes, grunt_vaults_focal,
          nicolae_vaults_circle_grid_a, ontoclasm_vaults_decontamination,
          dpeg_vaults_monster_box, ontoclasm_vaults_bender,
          ontoclasm_vaults_chip, layout_vaults_omnibox
Vaults:2: kennysheep_vaults_gozag_temple, v_misc_27, v_misc_26,
          nicolae_vaults_inception_scallops, vaults_dpeg_spiral, v_pattern_2,
          nicolae_vaults_specimen_jars, grunt_vaults_twisty, v_misc_33,
          nicolae_vaults_asterisk, vaults_mumra_hex, v_alt_pattern_3,
          vaults_mumra_lcd, ontoclasm_vaults_twist, v_misc_17,
          vaults_mumra_chevron_long, layout_vaults_maze
Vaults:3: nicolae_vaults_triangles, blue_anna_dwarven_crypt,
          ontoclasm_vaults_ring_square, v_rooms_1, layout_vaults_omnigrid,
          uniq_boris
Vaults:4: nicolae_vaults_twisting_passages, v_misc_5, vaults_mumra_hexcomb,
          v_misc_2, nicolae_vaults_asterisk, grunt_vaults_bifocal, serial_ice_g,
          vaults_dpeg_ring, nicolae_vaults_display_case, hangedman_vaults_slice,
          nicolae_vaults_stairing_the_circle, nicolae_vaults_gold_heap,
          vaults_room_hallway, layout_vaults_ring, nicolae_trove_entry_diagonal
Vaults:5: uniq_saint_roka
Depths:1: layout_gridlike, hangedman_abyss_or_decor_stabs, hellmouth_1,
          nicolae_shop_firing_range
Depths:2: grunt_profane_halls [grunt_profane_temple_dis,
          grunt_profane_temple_geh, grunt_profane_temple_tar,
          grunt_profane_temple_coc, grunt_profane_loot], pan_entry, hell_entry
Depths:3: minmay_shrinking_squares, layout_gridville, glass_columns_b,
          abyss_entry, hell_entry, infiniplex_staircase_x, grunt_megastairs_3
Depths:4: grunt_zot_entry_pinwheel, layout_basic, pf_hell_entry_great_geh,
          serial_sigils, serial_sigils_hangedman_scar,
          serial_sigils_hangedman_snap, serial_sigils_hangedman_clutch,
          serial_sigils_hangedman_confine, serial_sigils_hangedman_shear,
          serial_sigils_hangedman_gut
Zot:1:    layout_basic, grunt_megastairs_1
Zot:2:    layout_twisted_circle, skrybe_zot_glass_1, uniq_tiamat
Zot:3:    layout_twisted_circle
Zot:4:    kennysheep_room_grid, layout_misc_corridors
Zot:5:    layout_gridlike

Skill      XL: |  1  2  3  4  5  6  7  8  9 10 11 12 13 14 15 16 17 18 19 20 21 22 23 24 25 |
---------------+----------------------------------------------------------------------------+-----
Unarmed Combat | 4 5 6 8 10 12 14 16 18 19 21 22 23 24 25 26 27 | 27.0
Fighting       | 3 4 5 6 7 8 10 11 12 13 14 15 16 17 18 19 20 21 | 21.5
Armour         | 3 8 10 11 12 14 16 18 19 20 | 20.1
Shields        | 2 7 10 12 14 15 16 | 16.2
Invocations    | 3 6 8 |  8.0
Dodging        | 5 |  5.0
Stealth        | |  1.0

Action                   |  1- 3 |  4- 6 |  7- 9 | 10-12 | 13-15 | 16-18 | 19-21 | 22-24 | 25-27 || total
-------------------------+-------+-------+-------+-------+-------+-------+-------+-------+-------++-------
Melee: Unarmed           |   117 |   139 |   288 |   610 |   971 |  1388 |  1853 |  1710 |    80 ||  7156
       Punch             |     1 |     2 |    15 |    48 |   139 |       |       |       |       ||   205
Throw: Dart              |       |       |       |       |       |    73 |       |       |       ||    73
       Throwing net      |       |       |       |       |       |     5 |       |       |       ||     5
Invok: Heroism           |       |       |       |    10 |    18 |    25 |    24 |    20 |     2 ||    99
       Finesse           |       |       |       |       |     3 |     6 |    10 |    13 |     2 ||    34
Evoke: Wand              |       |       |       |    30 |     6 |     7 |     4 |       |       ||    47
       Lightning rod     |       |       |       |       |       |     7 |       |       |       ||     7
       Phial of floods   |       |       |       |       |       |     2 |       |       |       ||     2
  Use: Scroll            |       |     3 |       |    10 |    19 |    20 |     7 |    13 |     4 ||    76
       Potion            |       |     2 |       |    16 |     5 |     7 |     2 |    11 |     6 ||    49
 Stab: Sleeping          |     3 |     4 |     3 |     5 |     3 |       |       |       |       ||    18
       Distracted        |       |       |     1 |       |     1 |       |       |     1 |       ||     3
       Invisible         |       |       |       |     6 |       |       |       |     2 |       ||     8
       Held in net/web   |       |       |       |       |       |     1 |       |       |       ||     1
Armor: Robe              |    42 |    33 |    95 |     7 |   165 |       |       |       |       ||   342
       Steam dragon scal |       |       |       |   152 |       |       |       |       |       ||   152
       Skin              |       |       |       |    17 |       |       |       |       |       ||    17
       Gold dragon scale |       |       |       |       |    61 |   914 |   447 |   398 |    42 ||  1862
Dodge: Dodged            |    50 |    63 |   135 |   387 |   430 |   212 |   162 |   266 |    18 ||  1723
Block: Tower shield      |       |       |       |       |    44 |  1139 |  1463 |  1319 |    70 ||  4035

Table legend: (Time is in decaauts)
 A = Elapsed time spent in this place.
 B = Non-inter-level travel time spent in this place.
 C = Inter-level travel time spent in this place.
 D = Time resting spent in this place.
 E = Time spent auto-exploring this place.
 F = Levels seen in this place.
 G = Mean time per level.
                   A        B        C        D        E       F      G
               +--------+--------+--------+--------+--------+-----+--------+
         Total |  57533 |  52457 |   5076 |   5710 |  30872 |  52 | 1106.4 |
       Dungeon |  14523 |  12785 |   1738 |    622 |   9206 |  15 |  968.2 |
        Temple |    384 |    290 |     94 |      0 |    289 |   1 |  384.0 |
          Lair |   7716 |   7001 |    715 |    608 |   4555 |   6 | 1286.0 |
         Swamp |   3489 |   3233 |    256 |    142 |   2197 |   4 |  872.2 |
   Spider Nest |   4885 |   4725 |    160 |   1016 |   1748 |   4 | 1221.2 |
  Orcish Mines |   2794 |   1795 |    999 |    180 |    810 |   2 | 1397.0 |
   Elven Halls |   5103 |   5020 |     83 |   1366 |   2019 |   3 | 1701.0 |
        Vaults |   7367 |   6731 |    636 |    570 |   4258 |   5 | 1473.4 |
        Depths |   4687 |   4431 |    256 |    469 |   2381 |   4 | 1171.8 |
           Zot |   5346 |   5210 |    136 |    692 |   2909 |   5 | 1069.2 |
         Sewer |    554 |    554 |      0 |      0 |    371 |   1 |  554.0 |
        Bailey |    318 |    318 |      0 |     44 |      0 |   1 |  318.0 |
      Gauntlet |    361 |    361 |      0 |      0 |    126 |   1 |  361.0 |
               +--------+--------+--------+--------+--------+-----+--------+

Top non-repeatable levels by time:
   Elf:3: 1989 daAuts
Spider:4: 1981 daAuts
   Orc:2: 1660 daAuts
Vaults:1: 1651 daAuts
  Lair:4: 1582 daAuts
   Elf:2: 1559 daAuts
Vaults:4: 1555 daAuts
   Elf:1: 1554 daAuts
Depths:4: 1553 daAuts
Vaults:5: 1450 daAuts
  Lair:5: 1410 daAuts
Vaults:2: 1395 daAuts
    D:15: 1364 daAuts
  Lair:6: 1356 daAuts
    D:14: 1327 daAuts
